 Dungeon Crawl Stone Soup version 0.31-a0-543-geaa9c7a2c0 (webtiles) character file.

Game seed: 11965940114932841941

2844 Ethylacetat the Changeling (level 9, -2/57 HPs)
             Began as an Octopode Gladiator on Aug 15, 2023.
             Slain by an orc warrior
             ... wielding a +0 halberd
              (10 damage)
             ... in a bailey.
             The game lasted 00:10:25 (6541 turns).

Ethylacetat the Changeling (Octopode Gladiator)     Turns: 6541, Time: 00:10:27

Health: -2/57      AC: 13    Str: 19    XL:     9   Next: 74%
Magic:  9/9        EV: 13    Int: 10    God:
Gold:   265        SH:  0    Dex: 17    Spells: 8/8 levels left

rFire   . . .        g - melded +0 dagger (venom)
rCold   . . .        (shield currently unavailable)
rNeg    . . .        a - melded +0 hat
rPois   .            (no amulet)
rElec   .            h - ring of resist corrosion
rCorr   +            y - +4 ring of protection
SInv    .            B - ring of flight
Will    .....        (no ring)
Stlth   ++           (no ring)
HPRegen 0.29/turn    (no ring)
MPRegen 0.11/turn    (no ring)
                     (no ring)

%: no passive effects
@: snake-form, flying
A: constrict, reduced hp, almost no armour, amphibious, 8 rings, large,
(camouflage 1), (gelatinous body 1), (nimble swimmer 1), (tentacles)
a: Begin Untransformation


You were in a bailey.
You were an enormous anaconda.
You visited 1 branch of the dungeon, and saw 7 of its levels.
You also visited: Bailey.

You collected 395 gold pieces.
You spent 130 gold pieces at shops.

Inventory:

Hand Weapons
 g - a +0 dagger of venom (melded)
Missiles
 b - 5 throwing nets (quivered)
 c - a javelin
Armour
 a - a +0 hat (melded)
Jewellery
 h - a ring of resist corrosion (left tentacle)
 y - a +4 ring of protection (right tentacle)
 B - a ring of flight (on tentacle)
Talismans
 q - a serpent talisman (active)
Wands
 r - a wand of roots (15)
 A - a wand of flame (34)
Scrolls
 d - 3 scrolls of enchant armour
 f - 2 scrolls of immolation
 j - 3 scrolls of identify
 k - a scroll of revelation
 l - 7 scrolls of teleportation
 m - a scroll of fog {unknown}
 n - 4 scrolls of blinking
 o - a scroll of vulnerability {unknown}
 s - a scroll of enchant weapon
 x - 2 scrolls of poison
 C - a scroll of noise
Potions
 e - a potion of attraction {unknown}
 i - 3 potions of heal wounds {unknown}
 p - a potion of lignification {unknown}
 t - a potion of might {unknown}
 u - a potion of brilliance {unknown}
 v - a potion of degeneration {unknown}
 w - 4 potions of curing {unknown}
 z - a potion of invisibility {unknown}


   Skills:
 + Level 6.2 Fighting
 - Level 2.0 Throwing
 + Level 6.6 Dodging
 + Level 6.6 Unarmed Combat
 * Level 6.7 Shapeshifting


You had 8 spell levels left.
You didn't know any spells.
Your spell library contained the following spells:

 Spells                   Type           Power      Damage    Failure   Level
 Sandblast                Erth           0%         2d4       36%         1
 Passwall                 Tmut/Erth      0%         N/A       50%         2
 Stone Arrow              Conj/Erth      0%         3d7       75%         3
 Tukima's Dance           Hex            0%         N/A       75%         3
 Passage of Golubria      Tloc           0%         N/A       98%         4
 Yara's Violent Unravell  Hex/Tmut       0%         3d3       100%        5


Dungeon Overview and Level Annotations

Branches:
Dungeon (7/15)             Temple (0/1) D:7          Bailey (1/1)

Altars:
Fedhas
Nemelex Xobeh
Qazlal
Sif Muna
Vehumet
Wu Jian
Xom

Shops:
D:5 [   D:6 ?


Innate Abilities, Weirdness & Mutations

You are an enormous anaconda.
You have a powerful constriction melee attack.
Your maximum health is decreased, since you lack skill for your form.
Your armour is entirely melded.
You are incapable of wielding weapons or throwing items.
You cannot wear most types of armour.
You are amphibious.
You can wear up to eight rings at the same time.
((Your skin changes colour to match your surroundings (Stealth+).))
((Your rubbery body absorbs attacks. (AC +1, EV +1)))
((You are camouflaged when in or above water. (Stealth+)))
((You have tentacles for arms and can constrict up to eight enemies at once.))


Message History

The orc misses you.
You lash the orc warrior! Your grab misses the orc warrior.
The orc warrior is heavily wounded.
The orc closely misses you.
The orc warrior hits you with a +0 halberd!
The orc barely misses you.
You lash the orc warrior!
You kill the orc warrior!
The orc hits you but does no damage. The orc closely misses you.
You closely miss the orc warrior. Your grab misses the orc warrior.
The orc misses you. The orc closely misses you.
You barely miss the orc warrior. You grab the orc warrior.
You constrict the orc warrior.
You hit the orc warrior but do no damage.
The orc warrior is lightly wounded.
You constrict the orc warrior, but do no damage.
The orc hits you but does no damage.
The orc warrior hits you with a +0 halberd!
The orc closely misses you.
The orc hits you from afar with a +0 spear.
You hit the orc warrior.
The orc warrior is lightly wounded.
You constrict the orc warrior. The orc hits you but does no damage.
The orc warrior hits you but does no damage.
The orc closely misses you.
The orc hits you from afar with a +0 spear.
You barely miss the orc warrior.
The orc warrior is lightly wounded.
You constrict the orc warrior. The orc barely misses you.
The orc warrior hits you with a +0 halberd!
* * * LOW HITPOINT WARNING * * *
The orc barely misses you.
Okay, then.
You release your grip on the orc warrior.
The orc warrior attacks as you move away!
The orc warrior hits you with a +0 halberd.
* * * LOW HITPOINT WARNING * * *
The orc attacks as you move away! The orc hits you but does no damage.
The orc warrior hits you from afar with a +0 halberd!
You die...

#.......#
#.......#
#..#.#..#
#.##8##)#
#..#.#))#
#....)..#
#.......#
#.......#
##..o.S##
###o###
#oo.#
#...#
#...#
#...#
##)##
#.....#
#.......#


You could see an orc warrior and 2 orcs.

Vanquished Creatures
  Pikel (D:5)
  Grinder (D:5)
  A steam dragon (D:6)
  Edmund (D:4)
  Menkaure (D:6)
  3 ice beasts
  5 orc warriors
  2 ogres
  A lemure (D:5)
  A kobold brigand (D:7)
  A scorpion (D:4)
  3 hounds
  3 jellies
  An orc priest (D:6)
  Crazy Yiuf (D:6)
  A gnoll bouda (D:6)
  An iguana (D:6)
  3 orc wizards
  16 gnolls
  5 adders
  A shadow imp (D:4)
  A white imp (D:7)
  An adder skeleton (D:2)
  2 worms (D:2)
  A dart slug (D:5)
  36 orcs
  2 ball pythons (D:3)
  5 bats
  A bat skeleton (D:2)
  A bat zombie (D:2)
  10 endoplasms
  5 giant cockroaches
  5 goblins
  7 hobgoblins
  6 jackals (D:4)
  15 kobolds
  A quokka (D:5)
  5 frilled lizards
  A quokka zombie (D:2)
  3 rats
161 creatures vanquished.

Notes
Turn   | Place    | Note
-------+----------+-------------------------------------------
     0 | D:1      | Ethylacetat the Octopode Gladiator began the quest for the
                  | Orb.
     0 | D:1      | Reached XP level 1. HP: 14/14 MP: 1/1
   208 | D:1      | Reached XP level 2. HP: 19/19 MP: 2/2
  1194 | D:2      | Reached XP level 3. HP: 25/25 MP: 3/3
  1321 | D:2      | Found a shimmering altar of Xom.
  1557 | D:2      | Reached skill level 1 in Shapeshifting
  1819 | D:2      | Reached XP level 4. HP: 25/30 MP: 4/4
  2626 | D:3      | Reached XP level 5. HP: 36/36 MP: 5/5
  3145 | D:4      | Noticed Edmund
  3170 | D:4      | Killed Edmund
  3171 | D:4      | Reached XP level 6. HP: 42/42 MP: 6/6
  3432 | D:4      | Found a sparkling altar of Nemelex Xobeh.
  3642 | D:4      | Reached XP level 7. HP: 17/47 MP: 7/7
  4088 | D:5      | Entered Level 5 of the Dungeon
  4259 | D:5      | Found a blossoming altar of Fedhas.
  4259 | D:5      | Found a faded altar of an unknown god.
  4267 | D:5      | Found a stormy altar of Qazlal.
  4273 | D:5      | Found an ornate altar of the Wu Jian Council.
  4275 | D:5      | Found a radiant altar of Vehumet.
  4315 | D:5      | Noticed Pikel
  4330 | D:5      | Killed Pikel
  4331 | D:5      | Reached skill level 5 in Dodging
  4331 | D:5      | Reached skill level 5 in Unarmed Combat
  4331 | D:5      | Reached XP level 8. HP: 11/54 MP: 8/8
  4726 | D:5      | Noticed Grinder
  4733 | D:5      | Reached skill level 5 in Shapeshifting
  4742 | D:5      | Killed Grinder
  4743 | D:5      | Reached skill level 5 in Fighting
  4808 | D:5      | Found Ijyink's Antique Armour Shoppe.
  5419 | D:6      | Noticed Menkaure
  5424 | D:6      | Killed Menkaure
  5425 | D:6      | Reached XP level 9. HP: 36/61 MP: 9/9
  5876 | D:6      | Found Laimpeit's Magic Scroll Shoppe.
  5879 | D:6      | Bought a scroll of identify for 26 gold pieces
  5879 | D:6      | Bought a scroll of teleportation for 39 gold pieces
  5879 | D:6      | Bought a scroll of poison for 52 gold pieces
  5879 | D:6      | Bought a scroll of noise for 13 gold pieces
  5993 | D:6      | Found a runed translucent door.
  5994 | D:6      | Noticed Crazy Yiuf
  5999 | D:6      | Killed Crazy Yiuf
  6342 | D:7      | Found a shimmering blue altar of Sif Muna.
  6375 | D:7      | Found a flagged portal.
  6403 | Bailey   | Entered a bailey
  6541 | Bailey   | Slain by an orc warrior

Illustrated notes

Levels and vault maps discovered:
D:1:      eino_arrival_water_star, layout_basic
D:2:      layout_basic, basic_altar, serial_undead, serial_undead_e,
          serial_undead_d, serial_undead_f, serial_undead_f
D:3:      layout_loops_ring, patterned_corridor
D:4:      layout_layer_cave, mainiacjoe_overflow_six_doors_small, uniq_edmund
D:5:      layout_layer_cave, chequers_temple_overflow_minitemple, serial_shops,
          nicolae_shop_rolling_square, uniq_grinder, uniq_pikel
D:6:      nicolae_cairo_tiling_large, layout_basic, serial_shops,
          nicolae_shop_tiny_real_fake_doors, minmay_misc_feat_square,
          uniq_menkaure, uniq_crazy_yiuf_cottage
D:7:      layout_rooms, kennysheep_mini_moat, minmay_temple_entry_antechambers,
          enter_bailey_4, minivault_5
Bailey:   bailey_polearm_5, bailey

Skill      XL: |  1  2  3  4  5  6  7  8  9 |
---------------+----------------------------+-----
Shapeshifting  | 1 2 3 4 5 6 |  6.7
Fighting       | 3 4 5 6 |  6.2
Unarmed Combat | 4 5 6 |  6.6
Dodging        | 4 5 6 |  6.6
Throwing       | |  2.0

Action                     |  1- 3 |  4- 6 |  7- 9 || total
---------------------------+-------+-------+-------++-------
  Melee: Dagger            |    65 |    78 |       ||   143
         Unarmed           |     4 |    21 |   205 ||   230
         Constrict         |    19 |    30 |    50 ||    99
         Tentacles         |    13 |    13 |       ||    26
         Punch             |     4 |     5 |       ||     9
  Evoke: Wand              |       |     4 |     8 ||    12
    Use: Scroll            |       |       |     6 ||     6
   Stab: Sleeping          |     8 |     2 |     1 ||    11
         Distracted        |       |     1 |       ||     1
 Armour: Skin              |     3 |    12 |    82 ||    97
  Dodge: Dodged            |    38 |    63 |   117 ||   218
   Form: Anaconda          |       |     1 |       ||     1

Table legend: (Time is in decaauts)
 A = Elapsed time spent in this place.
 B = Non-inter-level travel time spent in this place.
 C = Inter-level travel time spent in this place.
 D = Time resting spent in this place.
 E = Time spent auto-exploring this place.
 F = Levels seen in this place.
 G = Mean time per level.
                   A        B        C        D        E       F      G
               +--------+--------+--------+--------+--------+-----+--------+
         Total |   6514 |   6208 |    306 |    204 |   5024 |   8 |  814.2 |
       Dungeon |   6380 |   6074 |    306 |    204 |   4954 |   7 |  911.4 |
        Bailey |    133 |    133 |      0 |      0 |     70 |   1 |  133.0 |
               +--------+--------+--------+--------+--------+-----+--------+

Top non-repeatable levels by time:
     D:5: 1293 daAuts
     D:1: 1142 daAuts
     D:4: 1082 daAuts
     D:2: 958 daAuts
     D:3: 897 daAuts
     D:6: 895 daAuts
  Bailey: 133 daAuts
     D:7: 110 daAuts
